 Dungeon Crawl Stone Soup version 0.31.0-7-gf635a9b802 (webtiles) character file.

Game seed: 4058311565862252125

2069 Arcadio the Geomancer (level 9, -9/45 HPs)
             Began as a Gargoyle Earth Elementalist on Jan 23, 2024.
             Was a Priest of Elyvilon.
             Mangled by a two-headed ogre
             ... wielding a +0 giant club
              (17 damage)
             ... on level 7 of the Dungeon.
             The game lasted 00:17:02 (6079 turns).

Arcadio the Geomancer (Gargoyle Earth Elementalist) Turns: 6079, Time: 00:17:02

Health: -9/45      AC: 13    Str: 12    XL:     9   Next: 26%
Magic:  18/18      EV: 12    Int: 20    God:    Elyvilon [***...]
Gold:   255        SH:  0    Dex: 10    Spells: 9/21 levels left

rFire   . . .        z - +5 spear of Bulliren {protect, rCorr SInv}
rCold   . . .        (no shield)
rNeg    + . .        e - +0 leather armour
rPois   ∞            (no helmet)
rElec   +            n - +2 cloak
rCorr   +            (no gloves)
SInv    +            (no boots)
Will    +....        D - amulet of faith
Stlth   ++           i - ring of willpower
HPRegen 0.27/turn    r - ring of wizardry
MPRegen 0.16/turn

%: faith, wizardry (x1)
@: studying Ranged Weapons
A: sickness immunity, AC +6, negative energy resistance 1, electricity
resistance, torment resistance 1, petrification resistance
a: Renounce Religion, Purification, Heal Other, Heal Self


You were on level 7 of the Dungeon.
You worshipped Elyvilon.
Elyvilon was most pleased with you.
You visited 2 branches of the dungeon, and saw 8 of its levels.

You collected 321 gold pieces.
You spent 66 gold pieces at shops.

Inventory:

Hand Weapons
 c - a +2 dagger of pain
 j - the +3 sling "Daceroob" {flame, rPois rF- rCorr Int+4}
   (You found it on level 2 of the Dungeon)

   Int+4:     It affects your intelligence (+4).
   rF-:       It makes you vulnerable to fire.
   rPois:     It protects you from poison rCorr: It protects you from acid and
   corrosion.
 u - a +2 long sword of protection
 z - the +5 spear of Bulliren (weapon) {protect, rCorr SInv}
   (You found it on level 6 of the Dungeon)

   SInv:      It lets you see invisible.
   rCorr:     It protects you from acid and corrosion.
 C - a +1 dagger of freezing
Missiles
 x - a throwing net
Armour
 a - a +0 robe
 e - a +0 leather armour (worn)
 n - a +2 cloak (worn)
 o - a +0 plate armour
 t - a +0 ring mail
Jewellery
 i - a ring of willpower (left hand)
 r - a ring of wizardry (right hand)
 y - a +6 ring of strength
 D - an amulet of faith (around neck)
Wands
 A - a wand of flame (33)
Scrolls
 d - 4 scrolls of teleportation
 f - a scroll of enchant weapon {unknown}
 g - a scroll of vulnerability
 q - a scroll of blinking {unknown}
 s - a scroll of summoning
 w - 2 scrolls of enchant armour
 E - 2 scrolls of amnesia {unknown}
Potions
 b - 3 potions of magic
 h - a potion of might {unknown}
 k - a potion of invisibility {unknown}
 l - 4 potions of curing
 m - 3 potions of enlightenment
 p - 3 potions of heal wounds
 v - 2 potions of haste
 B - 5 potions of attraction {unknown}


   Skills:
 + Level 6.7 Armour
 - Level 2.8 Dodging
 - Level 2.1 Stealth
 + Level 6.5 Spellcasting
 - Level 1.1 Conjurations
 + Level 9.0 Earth Magic


You had 9 spell levels left.
You knew the following spells:

 Your Spells              Type           Power      Damage    Failure   Level
a - Sandblast             Erth           84%        2d18      1%          1
b - Stone Arrow           Conj/Erth      52%        3d10      1%          3
c - Brom's Barrelling Bo  Conj/Erth      26%        2d5       6%          4
d - Petrify               Alch/Erth      24%        N/A       8%          4

Your spell library contained the following spells:

 Spells                   Type           Power      Damage    Failure   Level
 Passwall                 Erth           42%        N/A       1%          3
 Hailstorm                Conj/Ice       8%         3d5       12%         3
 Summon Ice Beast         Ice/Summ       6%         N/A       16%         3
 Iskenderun's Battlesphe  Conj           10%        2d6       61%         5
 Bombard                  Conj/Erth      13%        9d3       65%         6
 Sculpt Simulacrum        Ice/Alch       3%         N/A       99%         6
 Spellforged Servitor     Conj/Summ      4%         N/A       100%        7


Dungeon Overview and Level Annotations

Branches:
Dungeon (7/15)             Temple (1/1) D:6

Altars:
Ashenzari
Cheibriados
Dithmenos
Elyvilon
Fedhas
Gozag
Hepliaklqana
Kikubaaqudgha
Makhleb
Okawaru
Qazlal
Ru
Sif Muna
Trog
Uskayaw
Vehumet
Wu Jian
Xom
Yredelemnul
Zin
The Shining One

Shops:
D:1 (   D:2 *   D:4 *

Portals:
Abyss: D:5

Annotations:
D:5 2 transporters, DarkMedievalTimes's ghost, novice TeRe


Innate Abilities, Weirdness & Mutations

You are immune to sickness and miasma.
Your stone body is resilient. (AC +6)
You are immune to poison.
You resist negative energy. (rN+)
You are resistant to electric shocks. (rElec)
You are resistant to unholy torment.
You are immune to petrification.


Message History

Casting: Stone Arrow (safe; 1% risk of failure)
Confirm with . or Enter, or press ? or * to list all spells.
Aiming: Stone Arrow (safe; 1% risk of failure)
Press: ? - help, Shift-Dir - straight line, f/p - orc warrior
Aim: an orc warrior, wielding a +0 glaive of protection and wearing a +0 chain mail (moderately wounded, 68% to hit)
The stone arrow hits the orc warrior!
The orc warrior is almost dead.
The orc warrior barely misses you.
Casting: Stone Arrow (safe; 1% risk of failure)
Confirm with . or Enter, or press ? or * to list all spells.
Aiming: Stone Arrow (safe; 1% risk of failure)
Press: ? - help, Shift-Dir - straight line, f/p - orc warrior
Aim: an orc warrior, wielding a +0 glaive of protection and wearing a +0 chain mail (almost dead, 68% to hit)
The stone arrow hits the orc warrior!
You kill the orc warrior!
Your Earth Magic skill increases to level 9!
Items here: $ ) [ †.
There are monsters nearby!
You now have 241 gold pieces (gained 22).
You now have 255 gold pieces (gained 14).
The ogre shouts!
You hear a shout!
A manticore comes into view.
The manticore moves out of view.
A two-headed ogre comes into view. It is wielding two +0 giant clubs.
The two-headed ogre shouts in stereo!
The manticore bites you but does no damage.
The manticore claws you but does no damage.
The manticore closely misses you.
There is an open door here.
The two-headed ogre closely misses you.
The two-headed ogre hits you with a +0 giant club!
The manticore bites you but does no damage.
The manticore claws you. x2
You see here a +2 falchion of holy wrath.
The manticore misses you. The manticore closely misses you.
The manticore claws you!
The two-headed ogre hits you with a +0 giant club!
* * * LOW HITPOINT WARNING * * *
The two-headed ogre hits you with a +0 giant club!
You die...

.##.#.#
#.....##################
...>#.#
#####...................
#####.#
#................... ..#
#################### ##
#......#.....#....
#......#.)...#..).
#'###..#..#..#..#.
#)H.#..#..#..#..#.
#@O.#.....#.....#.
#:?(#.....#[....#.
##################


You could see a two-headed ogre and a manticore.

Vanquished Creatures
  An acid dragon (D:7)
  An orc warrior (D:7)
  A sky beast (D:7)
  2 ogres (D:4)
  A centaur (D:5)
  A phantom (D:6)
  2 kobold brigands (D:7)
  3 bullfrogs
  A gnoll sergeant (D:7)
  3 scorpions
  3 hounds
  A bombardier beetle (D:5)
  Crazy Yiuf (D:2)
  3 sleepcaps
  A gnoll bouda (D:7)
  6 iguanas
  5 orc wizards
  5 adders
  8 gnolls
  3 white imps
  An ufetubus (D:7)
  2 ribbon worms (D:2)
  A dart slug (D:2)
  15 orcs
  3 bats
  8 endoplasms
  A giant cockroach (D:4)
  9 goblins
  5 hobgoblins
  3 jackals (D:1)
  4 quokkas
  7 ball pythons
  4 frilled lizards
  17 kobolds
  5 rats
137 creatures vanquished.

Vanquished Creatures (collateral kills)
  A scorpion (D:6)
1 creature vanquished.

Grand Total: 138 creatures vanquished

Notes
Turn   | Place    | Note
-------+----------+-------------------------------------------
     0 | D:1      | Arcadio the Gargoyle Earth Elementalist began the quest for
                  | the Orb.
     0 | D:1      | Reached XP level 1. HP: 10/10 MP: 3/3
   162 | D:1      | Reached skill level 4 in Earth Magic
   162 | D:1      | Reached XP level 2. HP: 15/15 MP: 1/5
   238 | D:1      | Found Lienunosk's Antique Weapon Boutique.
   254 | D:1      | Reached XP level 3. HP: 19/19 MP: 1/6
   472 | D:1      | Learned a level 3 spell: Stone Arrow
   771 | D:2      | Identified the +3 sling "Daceroob" {flame, rPois rF- rCorr
                  | Int+4}
   884 | D:2      | Found Buekhliqu's General Store.
   903 | D:2      | Bought a potion of curing for 42 gold pieces
   923 | D:2      | Reached XP level 4. HP: 24/24 MP: 4/8
  1186 | D:2      | Found a shimmering altar of Xom.
  1201 | D:2      | Found a faded altar of an unknown god.
  1523 | D:2      | Found a runed translucent door.
  1524 | D:2      | Noticed Crazy Yiuf
  1531 | D:2      | Killed Crazy Yiuf
  1532 | D:2      | Reached XP level 5. HP: 17/28 MP: 0/9
  1959 | D:3      | Found a white marble altar of Elyvilon.
  1959 | D:3      | Found a shadowy altar of Dithmenos.
  1977 | D:3      | Became a worshipper of Elyvilon the Healer
  2381 | D:3      | Reached skill level 5 in Earth Magic
  2717 | D:4      | Found Tyss's CLEARANCE SALE!.
  2735 | D:4      | Bought a potion of magic for 24 gold pieces
  2761 | D:4      | Reached skill level 1 in Armour
  2784 | D:4      | Noticed an ogre
  2807 | D:4      | Killed an ogre
  2808 | D:4      | Reached XP level 6. HP: 32/32 MP: 4/11
  2972 | D:4      | Found a blossoming altar of Fedhas.
  3189 | D:4      | Reached skill level 6 in Earth Magic
  3189 | D:4      | Reached XP level 7. HP: 36/36 MP: 13/13
  3248 | D:5      | Entered Level 5 of the Dungeon
  3338 | D:5      | Learned a level 4 spell: Brom's Barrelling Boulder
  3343 | D:5      | Learned a level 4 spell: Petrify
  3347 | D:5      | Reached * piety under Elyvilon
  3559 | D:5      | Found a transporter.
  3560 | D:5      | Found a transporter.
  3629 | D:5      | Noticed a small abomination
  3631 | D:5      | Found a one-way gate to the infinite horrors of the Abyss.
  3631 | D:5      | Noticed DarkMedievalTimes's ghost (novice TeRe)
  3644 | D:5      | Noticed a toenail golem
  4134 | D:6      | Reached ** piety under Elyvilon
  4160 | D:6      | Reached skill level 7 in Earth Magic
  4171 | D:6      | Reached XP level 8. HP: 33/41 MP: 15/15
  4307 | D:6      | Reached skill level 5 in Spellcasting
  4426 | D:6      | Identified the +5 spear of Bulliren {protect, rCorr SInv}
  4551 | D:6      | Found a staircase to the Ecumenical Temple.
  4560 | Temple   | Entered the Ecumenical Temple
  4660 | D:6      | Reached skill level 5 in Armour
  5113 | D:7      | Reached skill level 8 in Earth Magic
  5224 | D:7      | Reached *** piety under Elyvilon
  5324 | D:7      | Found a shimmering altar of Xom.
  5574 | D:7      | Reached XP level 9. HP: 42/45 MP: 18/18
  5659 | D:7      | Identified the +5 sling of Doom {elec, rElec Int+2 Stlth+}
  6009 | D:7      | Reached skill level 9 in Earth Magic
  6076 | D:7      | Noticed a manticore
  6077 | D:7      | Noticed a two-headed ogre
  6079 | D:7      | Mangled by a two-headed ogre

Illustrated notes

Levels and vault maps discovered:
D:1:      wander_arrival_desolate, layout_rooms, serial_shops,
          nicolae_shop_peninsula
D:2:      layout_basic, ebering_ecumenical_altar_hall, serial_shops, shop,
          basic_altar, uniq_crazy_yiuf_cottage
D:3:      layout_basic, grunt_dithmenos_smoke_and_mirrors,
          mainiacjoe_overflow_alcove_1, serial_corexii_hall,
          chequers_hall_statues_corner_a, corexii_hall_statues_l
D:4:      layout_rooms, mainiacjoe_overflow_catwalk,
          hangedman_abyss_or_decor_passed, nicolae_shop_clearance
D:5:      layout_rooms, gammafunk_ghost_abyssal_escape, roderic_roman_lattice
D:6:      layout_loops_ring, minmay_temple_entry_drinking_statues
D:7:      kennysheep_windowed_halls, layout_basic, mainiacjoe_overflow_24_doors,
          moated_statue, minmay_manual_macuahuitl
Temple:   sentei_temple_godly_chess

Skill      XL: |  1  2  3  4  5  6  7  8  9 |
---------------+----------------------------+-----
Earth Magic    | 4 5 6 7 8 9 |  9.0
Dodging        | 2 |  2.8
Spellcasting   | 3 4 6 |  6.5
Armour         | 2 4 6 |  6.7
Stealth        | |  2.1
Conjurations   | |  1.1

Action                     |  1- 3 |  4- 6 |  7- 9 || total
---------------------------+-------+-------+-------++-------
  Melee: Dagger            |    72 |    46 |       ||   118
         Unarmed           |     7 |       |       ||     7
         Punch             |     1 |     3 |     1 ||     5
         Long sword        |       |    86 |    41 ||   127
         Spear             |       |       |   151 ||   151
   Cast: Sandblast         |    15 |    30 |    62 ||   107
         Stone Arrow       |       |     6 |     6 ||    12
    Use: Scroll            |     1 |     3 |     4 ||     8
   Stab: Sleeping          |     2 |       |     1 ||     3
 Armour: Robe              |    36 |    24 |       ||    60
         Leather armour    |       |    55 |   196 ||   251
  Dodge: Dodged            |    60 |   114 |   171 ||   345
